 Dungeon Crawl Stone Soup version 0.18.1-50-g88ac8fd (webtiles) character file.

16 cedor the Grasshopper (level 2, 0/22 HPs)
             Began as a Demonspawn Warper on Sept 19, 2016.
             Slain by an adder (3 damage)
             ... on level 2 of the Dungeon.
             The game lasted 00:01:39 (260 turns).

cedor the Grasshopper (Demonspawn Warper)            Turns: 260, Time: 00:01:40

Health: 0/22       AC:  2    Str: 11    XL:     2   Next: 41%
Magic:  0/5        EV: 12    Int: 14    God:
Gold:   20         SH:  0    Dex: 12    Spells: 1 memorised, 4 levels left

rFire  . . .     SeeInvis .     a - +0 falchion
rCold  . . .     Gourm    .     k - +0 robe
rNeg   . . .     Faith    .     (no shield)
rPois  .         Spirit   +     (no helmet)
rElec  .         Dismiss  .     (no cloak)
rCorr  .         Reflect  .     (no gloves)
SustAt .         Harm     .     (no boots)
MR     .....                    (no amulet)
Stlth  +.........               (no ring)
                                (no ring)

@: lethally poisoned (0 -> -4), not resistant to hostile enchantments, very
unstealthy
A: magic shield
a: no special abilities


You were on level 2 of the Dungeon.
You were not hungry.

You visited 1 branch of the dungeon, and saw 2 of its levels.

You collected 20 gold pieces.


Innate Abilities, Weirdness & Mutations

When hurt, damage is shared between your health and your magic reserves.


   Skills:
 - Level 2.0 Fighting
 + Level 2.1 Long Blades
 - Level 0.8 Throwing
 - Level 0.8 Armour
 + Level 2.1 Dodging
 - Level 2.0 Spellcasting
 + Level 3.0 Translocations


You had 4 spell levels left.
You knew the following spells:

 Your Spells              Type           Power        Failure   Level  Hunger
e - Apportation           Tloc           #.........   10%         1    ##.....

Inventory:

Hand Weapons
 a - a +0 falchion (weapon)
Missiles
 e - 5 tomahawks of dispersal {=f}
Armour
 b - a +0 leather armour
 k - a +0 robe (worn)
Scrolls
 d - a scroll of blinking
 g - a scroll of random uselessness {unknown}
 h - a scroll of teleportation {unknown}
 l - a scroll of amnesia {unknown}
Potions
 m - a potion of curing {unknown}
Books
 c - a book of Spatial Translocations

   Spells                             Type                      Level
   a - Apportation                    Translocation                1
   b - Blink                          Translocation                2
   c - Shroud of Golubria             Charms/Translocation         2
   d - Portal Projectile              Translocation                3
   e - Teleport Other                 Translocation                3
   f - Passage of Golubria            Translocation                4
Comestibles
 f - a bread ration
 i - a chunk of flesh
 j - a meat ration

Dungeon Overview and Level Annotations

Branches:
Dungeon (2/15)

Altars:

▒.....[..▒▒.....▒
▒....▒▒▒.▒▒.....▒
▒... ▒▒▒.▒▒.....▒
▒.. +.)......▒▒▒
... ▒▒▒▒.▒▒▒▒▒ SK
▒.....▒ . ▒)÷...▒
▒...S.▒▒ ▒...6..▒
▒......▒ ▒▒▒▒<▒.▒
▒.▒.▒ ▒.▒.▒ ▒.▒.▒
▒.▒.▒ ▒.▒.▒ ....▒


You could see an adder.


Message History

You hit the kobold but do no damage.
The kobold is moderately wounded.
The kobold hits you.
You hit the kobold but do no damage.
The kobold is moderately wounded.
The kobold misses you.
You closely miss the kobold.
The kobold is moderately wounded.
The kobold barely misses you. The kobold closely misses you.
You completely miss the kobold.
The kobold is moderately wounded.
The kobold hits you.
You slash the kobold!
You kill the kobold!
The adder bites you.
* * * LOW HITPOINT WARNING * * *
You barely miss the adder. The adder misses you.
You hit the adder.
The adder is lightly wounded.
The adder bites you.
* * * LOW HITPOINT WARNING * * *
You are poisoned.
The adder poisons you! The adder completely misses you.
You feel sick. The adder bites you.
* * * LOW HITPOINT WARNING * * *
* * * LOW HITPOINT WARNING * * *
You feel sick. The adder bites you.
You die...

Action                   || total
-------------------------++-------
Melee: Falchion          ||    49
 Cast: Apportation       ||     2
Armor: Leather armour    ||     9
       Robe              ||     1
Dodge: Dodged            ||    32

Vault maps used:
D:1:      lordsloth_arrival_two_stooges, roderic_serpentine_path, st_stairs_12,
          roderic_lattice_a, xom_teletrap_fun

Notes
Turn   | Place    | Note
--------------------------------------------------------------
     0 | D:1      | cedor the Demonspawn Warper began the quest for the Orb.
     0 | D:1      | Reached XP level 1. HP: 16/16 MP: 3/3
    45 | D:1      | Reached skill level 2 in Long Blades
   185 | D:2      | Gained mutation: When hurt, damage is shared between your health and your magic reserves. [demonic ancestry]
   185 | D:2      | Reached XP level 2. HP: 15/22 MP: 5/5
   227 | D:2      | Reached skill level 2 in Dodging
   227 | D:2      | Reached skill level 3 in Translocations
   260 | D:2      | Slain by an adder

Vanquished Creatures
  An ooze (D:2)
  A worm (D:2)
  2 giant cockroaches (D:1)
  2 kobolds (D:2)
  A giant newt (D:2)
  2 goblins
  A rat (D:1)
10 creatures vanquished.
